 Dungeon Sprint DCSS version 0.30.1-9-gdf580d7c3d (webtiles) character file.

Game seed: 12050434674518317537

10728 boopmooplesden the Executioner (level 11, 0/115 HPs)
             Began as a Minotaur Fighter on Sept 25, 2023.
             Was the Champion of Trog.
             Slain by an orange demon (7 damage)
             ... in the Dungeon (Sprint VII: "The Pits").
             The game lasted 00:05:31 (2076 turns).

boopmooplesden the Executioner (Minotaur Fighter)   Turns: 2076, Time: 00:05:33

Health: 0/115      AC: 19    Str: 26    XL:     11   Next: 40%
Magic:  10/10      EV:  9    Int:  5    God:    Trog [******]
Gold:   0          SH:  0    Dex:  9    Spells: 10/10 levels left

rFire   . . .        m - +6 executioner's axe (flame)
rCold   . . .        (shield currently unavailable)
rNeg    . . .        l - +2 plate armour
rPois   .            (helmet restricted)
rElec   .            (no cloak)
rCorr   .            (no gloves)
SInv    .            (no boots)
Will    .....        (no amulet) Stlth
                     (no ring)
HPRegen 0.39/turn    (no ring)
MPRegen 0.12/turn

%: no teleportation
@: lethally poisoned (0 -> -13), on berserk cooldown, slowed, very slow
A: horns 2, retaliatory headbutt
a: Renounce Religion, Berserk, Trog's Hand, Brothers in Arms


You were in the Dungeon.
You worshipped Trog.
Trog was exalted by your worship.
You visited 1 branch

Inventory:

Hand Weapons
 a - a +0 war axe
 m - a +6 executioner's axe of flaming (weapon)
Armour
 b - a +0 scale mail
 c - a +0 buckler
 l - a +2 plate armour (worn)
Jewellery
 n - a +3 ring of evasion
 o - a +3 ring of dexterity
Potions
 d - a potion of might
 e - 5 potions of curing
 f - a potion of heal wounds
 h - 4 potions of magic
 i - 3 potions of berserk rage
 k - 2 potions of invisibility


   Skills:
 + Level 16.4 Fighting
 + Level 22.0 Axes
 + Level 16.5 Armour
 + Level 3.4 Dodging
 + Level 1.8 Stealth
 + Level 11.2 Shields


You had 10 spell levels left.
You didn't know any spells.
Your spell library was empty.

Dungeon Overview and Level Annotations

Branches:
Dungeon (1/1)

Altars:
Cheibriados
Dithmenos
Elyvilon
Fedhas
Gozag
Hepliaklqana
Makhleb
Nemelex Xobeh
Okawaru
Qazlal
Ru
Sif Muna
Trog
Vehumet
Wu Jian
Xom
Yredelemnul
Zin
The Shining One
Jiyva
Lugonu


Innate Abilities, Weirdness & Mutations

You have a pair of horns on your head.
You reflexively headbutt those who attack you in melee.


Message History

Trog accepts your kill.
The orange demon stings you but does no damage.
Your Axes skill increases to level 22!
The centaur unwields a +0 shortbow.
The centaur barely misses you. x2
The orange demon stings you but does no damage.
The gnoll closely misses you. The centaur misses you. You furiously retaliate!
You headbutt the centaur!
The centaur kicks you but does no damage.
The orange demon stings you from afar.
* * * LOW HITPOINT WARNING * * *
The gnoll barely misses you.
Things that are here:
a +0 trident; 3 boomerangs; a +0 plate armour You feel much better.
The centaur hits you but does no damage.
The centaur kicks you but does no damage.
The centaur barely misses you.
The centaur kicks you but does no damage.
The gnoll hits you but does no damage. The orange demon stings you from afar.
You are poisoned.
The orange demon poisons you!
The centaur hits you but does no damage.
The centaur barely misses you.
You slash the centaur! You burn the centaur.
The centaur is severely wounded.
You feel extremely sick. The orange demon stings you from afar.
* * * LOW HITPOINT WARNING * * *
The gnoll barely misses you. The centaur barely misses you. x2
The orange demon stings you from afar!
* * * LOW HITPOINT WARNING * * *
The gnoll hits you but does no damage.
* * * LOW HITPOINT WARNING * * *
You feel extremely sick. The centaur closely misses you.
The centaur barely misses you. The centaur hits you.
* * * LOW HITPOINT WARNING * * *
The centaur kicks you but does no damage.
The orange demon stings you from afar!
You die...

.........+ ..#......#
.........# ##''#####
##))############ ##########
##..)..)+..'...###........#
##....).+..'.....##......#
##...|.##..##.....##....##
##...###....###.@).#....#
##.)##........###c###.)## .
##))#...#..#..)#g4Y.#†.#....
##.))..........).o..'.○'z.Z...
##''#...#..#...#.o..#.E#oo....
##).##........###.###..##°#.#.
##...###..).###....#....#Eo°..
##.....##.)##.....##....# ○.#
###.....'.)).....##......# 4..


You could see an elephant, an orange demon, a fire elemental, a centaur and 2
orc priests.

Vanquished Creatures
  Arachne (D)
  An orc high priest (D)
  A death yak (D)
  A lindwurm (D)
  2 orc knights (D)
  An orc sorcerer (D)
  A cyclops (D)
  A smoke demon (D)
  A hornet (D)
  Grinder (D)
  2 tyrant leeches (D)
  2 tarantellas (D)
  7 dream sheep (D)
  A jumping spider (D)
  2 flying skulls (D)
  A ynoxinul (D)
  A wraith (D)
  6 yaks (D)
  2 redbacks (D)
  A warg (D)
  A water moccasin (D)
  Pargi (D)
  5 orc warriors (D)
  An ice beast (D)
  A sky beast (D)
  2 ogres (D)
  A phantom (D)
  A scorpion (D)
  An iron imp (D)
  3 orc priests (D)
  2 hounds (D)
  A hell rat (D)
  4 orc wizards (D)
  An adder (D)
  A worm (D)
  8 orcs (D)
  3 endoplasms (D)
  2 giant cockroaches (D)
  2 hobgoblins (D)
  3 jackals (D)
  A kobold (D)
  A ball python (D)
  A frilled lizard (D)
83 creatures vanquished.

Vanquished Creatures (others)
  An adder simulacrum (D)
1 creature vanquished.

Grand Total: 84 creatures vanquished

Notes
Turn   | Place    | Note
-------+----------+-------------------------------------------
     0 | D        | boopmooplesden the Minotaur Fighter began the quest for the
                  | Orb.
     0 | D        | Reached XP level 1. HP: 19/19 MP: 0/0
    19 | D        | Found a glowing golden altar of the Shining One.
    19 | D        | Found a glowing silver altar of Zin.
    19 | D        | Found a basalt altar of Yredelemnul.
    19 | D        | Found a shimmering altar of Xom.
    19 | D        | Found an ornate altar of the Wu Jian Council.
    19 | D        | Found a bloodstained altar of Trog.
    19 | D        | Found a shimmering blue altar of Sif Muna.
    19 | D        | Found a sacrificial altar of Ru.
    19 | D        | Found a stormy altar of Qazlal.
    19 | D        | Found an iron altar of Okawaru.
    19 | D        | Found a sparkling altar of Nemelex Xobeh.
    19 | D        | Found a burning altar of Makhleb.
    19 | D        | Found a viscous altar of Jiyva.
    19 | D        | Found a hazy altar of Hepliaklqana.
    19 | D        | Found an opulent altar of Gozag.
    19 | D        | Found a blossoming altar of Fedhas.
    19 | D        | Found a white marble altar of Elyvilon.
    19 | D        | Found a shadowy altar of Dithmenos.
    19 | D        | Found a snail-covered altar of Cheibriados.
    20 | D        | Found a radiant altar of Vehumet.
    20 | D        | Found a corrupted altar of Lugonu.
    22 | D        | Became a worshipper of Trog the Wrathful
    53 | D        | Reached * piety under Trog
    63 | D        | Reached XP level 2. HP: 21/28 MP: 1/1
    90 | D        | Reached ** piety under Trog
   186 | D        | Noticed a water moccasin
   187 | D        | Noticed an ice beast
   198 | D        | Killed a water moccasin
   199 | D        | Reached skill level 4 in Axes
   199 | D        | Reached XP level 3. HP: 12/39 MP: 2/2
   199 | D        | Reached XP level 4. HP: 15/47 MP: 3/3
   200 | D        | Killed an ice beast
   200 | D        | Reached *** piety under Trog
   201 | D        | Reached skill level 5 in Axes
   201 | D        | Reached skill level 1 in Dodging
   201 | D        | Reached XP level 5. HP: 11/53 MP: 4/4
   203 | D        | Reached skill level 6 in Axes
   210 | D        | Reached **** piety under Trog
   211 | D        | Reached XP level 6. HP: 14/62 MP: 5/5
   458 | D        | Noticed a warg
   470 | D        | Killed a warg
   471 | D        | Reached skill level 7 in Axes
   607 | D        | Noticed a cyclops
   612 | D        | Killed a cyclops
   613 | D        | Reached skill level 10 in Fighting
   613 | D        | Reached skill level 9 in Axes
   613 | D        | Reached skill level 10 in Shields
   613 | D        | Reached XP level 7. HP: 68/73 MP: 6/6
   706 | D        | Noticed a tarantella
   706 | D        | Noticed a jumping spider
   713 | D        | Killed a tarantella
   713 | D        | Reached ***** piety under Trog
   714 | D        | Reached skill level 10 in Axes
   717 | D        | Killed a jumping spider
   717 | D        | Received a gift from Trog
   718 | D        | Reached skill level 11 in Axes
   718 | D        | Reached XP level 8. HP: 82/82 MP: 7/7
   831 | D        | Noticed an orc knight
   831 | D        | Noticed a flying skull
   836 | D        | Killed a flying skull
   840 | D        | Reached skill level 12 in Axes
   841 | D        | Reached skill level 1 in Stealth
   844 | D        | Killed an orc knight
   845 | D        | Reached skill level 13 in Axes
   845 | D        | Reached XP level 9. HP: 74/90 MP: 8/8
   956 | D        | Noticed an orc knight
   964 | D        | Killed an orc knight
   965 | D        | Reached skill level 14 in Axes
   968 | D        | Reached skill level 15 in Axes
   970 | D        | Reached ****** piety under Trog
  1159 | D        | Received a gift from Trog
  1160 | D        | Reached skill level 16 in Axes
  1166 | D        | Reached XP level 10. HP: 101/101 MP: 9/9
  1167 | D        | Reached skill level 17 in Axes
  1169 | D        | Received a gift from Trog
  1171 | D        | Reached skill level 18 in Axes
  1171 | D        | Reached skill level 15 in Armour
  1280 | D        | Noticed a lindwurm
  1284 | D        | Killed a lindwurm
  1288 | D        | Reached skill level 19 in Axes
  1290 | D        | Received a gift from Trog
  1305 | D        | Noticed Pargi
  1310 | D        | Killed Pargi
  1317 | D        | Received a gift from Trog
  1348 | D        | Noticed a smoke demon
  1357 | D        | Killed a smoke demon
  1358 | D        | Reached skill level 15 in Fighting
  1555 | D        | Noticed an orc sorcerer
  1555 | D        | Noticed Arachne
  1555 | D        | Noticed a death yak
  1565 | D        | Noticed an orange demon
  1567 | D        | Noticed a smoke demon
  1573 | D        | Noticed a smoke demon
  1575 | D        | Killed an orc sorcerer
  1576 | D        | Reached skill level 20 in Axes
  1581 | D        | HP: 1/105 [tyrant leech (26)]
  1595 | D        | Killed Arachne
  1595 | D        | Received a gift from Trog
  1596 | D        | Reached skill level 21 in Axes
  1596 | D        | Reached XP level 11. HP: 51/114 MP: 10/10
  1601 | D        | Killed a death yak
  2039 | D        | Noticed Grinder
  2047 | D        | Paralysed by Grinder for 4 turns
  2049 | D        | Noticed an orc high priest
  2053 | D        | Killed Grinder
  2053 | D        | Identified the +3 hand axe of Terol {flame, rN+} (Trog
                  | gifted it to you in the Dungeon)
  2053 | D        | Received a gift from Trog
  2071 | D        | Killed an orc high priest
  2073 | D        | Reached skill level 22 in Axes
  2076 | D        | Slain by an orange demon

Illustrated notes

Levels and vault maps discovered:
D:        pitsprint [storerooms_1, entrance_room_1, metal_vault_4, armoury_2,
          mini_pit_1, grid_room_1, main_hall_1, silver_pit, the_coven_3,
          the_vestibule_1, steel_vault_2, golden_pit, hallway_of_sentries,
          crystal_vault_6, iron_vault_1, final_vault]

Skill      XL: |  1  2  3  4  5  6  7  8  9 10 11 |
---------------+----------------------------------+-----
Fighting       | 4 7 8 10 11 12 13 15 16 | 16.4
Armour         | 4 7 8 9 11 13 14 15 16 | 16.5
Shields        | 4 6 8 9 10 11 | 11.2
Axes           | 4 5 6 9 11 13 16 21 22 | 22.0
Dodging        | 1 2 3 |  3.4
Stealth        | 1 |  1.8

Action                     |  1- 3 |  4- 6 |  7- 9 | 10-12 || total
---------------------------+-------+-------+-------+-------++-------
  Melee: War axe           |    22 |    25 |    18 |       ||    65
         Headbutt          |     4 |     2 |     5 |    10 ||    21
         Executioner's axe |       |       |    30 |    74 ||   104
 Invoke: Berserk           |     1 |     1 |     4 |     3 ||     9
         Trog's Hand       |       |       |       |     1 ||     1
    Use: Potion            |       |     2 |       |    13 ||    15
         Scroll            |       |       |       |     1 ||     1
 Armour: Scale mail        |    13 |       |       |       ||    13
         Plate armour      |     3 |    14 |    30 |    65 ||   112
  Dodge: Dodged            |    10 |     5 |    22 |    56 ||    93
  Block: Buckler           |     7 |     1 |     2 |       ||    10
